AoeStats
← OIDA | Gleipdonir

MegaRandom

503258371Analyzed
1v1 RM · 1mo ago on Aug 30, 2026· 41m 40s· 2 players
Game mode
Random Map
Map size
Tiny (2 player)
Population
200
Speed
Normal
Resources
Standard
Victory
Conquest
Starting age
Dark Age
Ending age
Imperial Age
RankedLock teamsTeams togetherTeam positionsShared explorationLock speedFull tech treeHidden civsTurbo modeCheats
Victory
Defeat
🇺🇸 Japanese · United States
1521
+14
🇦🇹 Armenians · Austria
1471
-14
Mitch
0:32 Loom
12:00 Feudal Age
12:12 Man-at-Arms
13:47 Double-Bit Axe
15:45 Arson
21:33 Castle Age
21:51 Fletching
21:36 Crossbowman
22:50 Bodkin Arrow
26:02 Bow Saw
30:31 Gold Mining
32:07 Town Watch
32:17 Horse Collar
34:14 Scale Mail Armor
34:23 Heavy Plow
35:11 Wheelbarrow
35:38 Chain Mail Armor
35:49 Forging
36:54 Squires
36:39 Elite Skirmisher
37:52 Ballistics
38:24 Hand Cart
41:32 Imperial Age
41:26 Iron Casting
OIDA | Gleipdonir
0:28 Loom
9:37 Feudal Age
9:56 Man-at-Arms
15:54 Scale Mail Armor
16:45 Forging
16:48 Long Swordsman
18:14 Arson
22:23 Fletching
25:48 Castle Age
26:52 Fletching
27:02 Padded Archer Armor
28:16 Gambesons
31:14 Town Watch
31:33 Elite Skirmisher
34:15 Double-Bit Axe
35:29 Squires
37:16 Two-Handed Swordsman
38:18 Chain Mail Armor
39:07 Ballistics
40:31 Bodkin Arrow
Connection lost

Rejoining the realm…

Still unreachable

The connection could not be restored.

Session expired

The server has moved on; the page needs a fresh start.